 Dungeon Sprint DCSS version 0.32-a0-516-g94ed278cf8 (webtiles) character file.

Game seed: 13775148866774191273

2287 Revguard the Prestidigitator (level 9, -1/78 HPs)
             Began as a Coglin Berserker on Feb 27, 2024.
             Was a High Priest of Trog.
             Succumbed to poison (poison gas)
             ... in the Dungeon (Sprint V: "Ziggurat Sprint").
             The game lasted 00:04:16 (244 turns).

Revguard the Prestidigitator (Coglin Berserker)      Turns: 244, Time: 00:04:17

Health: -1/78      AC: 31    Str: 21    XL:     9   Next: 39%
Magic:  9/9        EV: 14    Int:  6    God:    Trog [*****.]
Gold:   0          SH:  0    Dex: 15    Spells: 8/8 levels left

rFire   . . .        b - +5 broad axe {Nimrit}
rCold   . . .        s - +16 obsidian axe {drain, demonic, Mesm ^Drain Fly SInv}
rNeg    . . .        r - +15 Maxwell's patent armour {-Cast -Tele rElec Will+ rCorr}
rPois   .            (no helmet)
rElec   +            (no cloak)
rCorr   +            (no gloves)
SInv    +            u - +2 pair of slick slippers {slick, slippery, EV+4}
Will    +++..        (no amulet) Stlth
                     (ring unavailable)
HPRegen 1.33/turn    (ring unavailable)
MPRegen 0.11/turn

%: no teleportation, no spellcasting
@: lethally poisoned (-1 -> -33), strong-willed, flying, mesmerised,
regenerating, revving
A: off-hand wielding, slow wielding, warmup strikes, no rings
a: Renounce Religion, Berserk, Trog's Hand, Brothers in Arms


You were in the Dungeon.
You worshipped Trog.
Trog was extremely pleased with you.
You visited 1 branch

Inventory:

Hand Weapons
 a - a +0 hand axe {Paramjit}
 b - a +5 broad axe (weapon) {Nimrit}
 s - the +16 obsidian axe (offhand) {drain, demonic, Mesm ^Drain Fly SInv}
   (You found it in the Dungeon)

   Mesm:      Its wielder is mesmerised by any visible foes, and it cannot be
   unequipped while any foes are visible.
   SInv:      It lets you see invisible.
   Fly:       It grants you flight.
   ^Drain:    It drains your maximum health when unequipped.
 w - the +3 eveningstar "Doypsuox" {venom, rPois rCorr Int+2}
   (You found it in the Dungeon)

   Int+2:     It affects your intelligence (+2).
   rPois:     It protects you from poison rCorr: It protects you from acid and
   corrosion.
Armour
 r - the +15 Maxwell's patent armour (worn) {-Cast -Tele rElec Will+ rCorr}
   (You found it in the Dungeon)

   rElec:     It insulates you from electricity.
   Will+:     It increases your willpower.
   -Cast:     It prevents spellcasting.
   -Tele:     It prevents most forms of teleportation.
   rCorr:     It protects you from acid and corrosion.
 u - the +2 pair of slick slippers (worn) {slick, slippery, EV+4}
   (You found it in the Dungeon)

   Slick:     Its wearer cannot be constricted, engulfed, netted, webbed, or
   stopped by binding sigils.
   Slippery:  Its wearer slips away from damaging melee attacks, pulling the
   attacker onward.
   EV+4:      It affects your evasion (+4).
Wands
 p - a wand of mindburst (7)
 q - a wand of light (10)
 v - a wand of roots (8)
 x - a wand of polymorph (5)
Scrolls
 h - 4 scrolls of blinking
 k - 4 scrolls of enchant armour
 m - 7 scrolls of fog
 n - 5 scrolls of identify
 o - 2 scrolls of fear
Potions
 c - 10 potions of curing
 d - 6 potions of heal wounds
 e - 10 potions of haste
 f - 7 potions of magic
 g - 3 potions of berserk rage
 i - 2 potions of invisibility
 j - 4 potions of resistance
 l - 5 potions of might
Miscellaneous
 t - a phantom mirror


   Skills:
 + Level 10.2 Fighting
 + Level 10.3 Axes
 + Level 8.8 Armour
 + Level 8.8 Dodging
 + Level 12.0 Evocations


You had 8 spell levels left.
You didn't know any spells.
Your spell library was empty.

Dungeon Overview and Level Annotations

Branches:
Dungeon (1/1)

Altars:
Ashenzari
Cheibriados
Dithmenos
Elyvilon
Fedhas
Gozag
Hepliaklqana
Kikubaaqudgha
Makhleb
Nemelex Xobeh
Okawaru
Qazlal
Ru
Sif Muna
Trog
Uskayaw
Vehumet
Wu Jian
Xom
Yredelemnul
Zin
The Shining One
Beogh
Jiyva
Lugonu

Annotations:
D 1 transporter


Innate Abilities, Weirdness & Mutations

You can wield a second weapon in your off-hand.
It takes a long time for you to wield or remove held weapons.
Your first few attacks do less damage.
Your grasper-arms cannot wear rings.


Message History

You hit the draconian but do no damage.
You slash the green draconian with your +5 broad axe!
You are no longer entranced.
You kill the green draconian!
Trog accepts your kill.
You hit the black draconian with your +5 broad axe.
Visions of slaying the black draconian flood into your mind.
You are engulfed in poison gas.
You are more poisoned.
* * * LOW HITPOINT WARNING * * *
x2 You feel extremely sick.
The black draconian hits you but does no damage.
The black draconian closely misses you.
The green draconian hits your red devil with a +0 broad axe!!
Your red devil dies!
Your red devil disappears in a puff of smoke!
Your Fighting skill increases to level 10!
Your Axes skill increases to level 10!
Your Evocations skill increases to level 12!
You have reached level 9!
Your experience leads to an increase in your attributes!
Increase (S)trength, (I)ntelligence, or (D)exterity?
You feel stronger. x2
You feel much better.
Visions of slaying the draconian flood into your mind.
* * * LOW HITPOINT WARNING * * *
You feel extremely sick. The black draconian barely misses you.
The black draconian hits you but does no damage.
Unknown command.
You barely miss the draconian with the +16 obsidian axe.
The draconian is heavily wounded.
You slash the black draconian with the +16 obsidian axe!
You drain the black draconian.
You hit the green draconian with the +16 obsidian axe.
You drain the green draconian.
You slash the draconian with your +5 broad axe!
You hit the black draconian with your +5 broad axe.
You slash the green draconian with your +5 broad axe!
You die...

▓...©...▓
▓▓▓▓▓▓▓▓▓
▓..ß©ß..▓
▓..==:..▓
▓..)=[..▓
▓.......▓
▓..dd...▓
▓..dd...▓
▓..d@)..▓
▓.▓..°▓.▓
▓...°...▓
▓▓▓▓▓▓▓▓▓


You could see 2 draconians, a green draconian (drained) and 2 draconians.

Vanquished Creatures
  A green draconian (D)
  A rime drake (D)
  An ice devil (D)
  A polar bear (D)
  An ice beast (D)
  A phantom (D)
  A bullfrog (D)
  A quasit (D)
  2 iguanas (D)
  A river rat (D)
  2 ufetubi (D)
  An adder skeleton (D)
  A bat skeleton (D)
  A quokka skeleton (D)
16 creatures vanquished.

Vanquished Creatures (collateral kills)
  A freezing wraith (D)
  A ynoxinul (D)
  A crimson imp (D)
  2 orc priests (D)
  A river rat (D)
  An orc (D)
  A bat skeleton (D)
  A giant cockroach simulacrum (D)
9 creatures vanquished.

Grand Total: 25 creatures vanquished

Notes
Turn   | Place    | Note
-------+----------+-------------------------------------------
     0 | D        | Revguard the Coglin Berserker began the quest for the Orb.
     0 | D        | Reached XP level 1. HP: 18/18 MP: 1/1
     0 | D        | Found a shimmering blue altar of Sif Muna.
     0 | D        | Found a bloodstained altar of Trog.
     0 | D        | Found a sacrificial altar of Ru.
     0 | D        | Found a stormy altar of Qazlal.
     0 | D        | Found an iron altar of Okawaru.
     1 | D        | Found a sparkling altar of Nemelex Xobeh.
     1 | D        | Found a blossoming altar of Fedhas.
     1 | D        | Found the +6 Majin-Bo {spellvamp, MP+6 Int+6}
     1 | D        | Found the +27 heavy crossbow "Sniper" {heavy, Acc+∞ SInv}
     1 | D        | Found the +10 dark maul {heavy}
     1 | D        | Found the +15 Maxwell's patent armour {-Cast -Tele rElec
                  | Will+ rCorr}
     1 | D        | Found the +18 shield of the Gong {Loud rN+ Will+ rCorr
                  | EV-5}
     1 | D        | Found the +16 obsidian axe {drain, demonic, Mesm ^Drain Fly
                  | SInv}
     1 | D        | Found the +7 great mace "Firestarter" {flame, immolate,
                  | rFlCloud rF++}
     1 | D        | Found the +6 shillelagh "Devastator" {shatter}
     1 | D        | Found the +11 plutonium sword {^Contam Stlth-}
     1 | D        | Found the +8 lance "Wyrmbane" {slay drac, rPois rF+ rC+
                  | AC+3}
     1 | D        | Found the +9 sword of Zonguldrok {reap}
     1 | D        | Found the +13 scythe of Curses {drain, curses, ^Drain}
     1 | D        | Found the +9 sword of Power {lifebolt}
     1 | D        | Found the +7 mace of Variability {chaos, chaos arc}
     1 | D        | Found the +11 Singing Sword {sonic wave}
     1 | D        | Found the +8 storm bow {elec, penet}
     3 | D        | Found a transporter.
     3 | D        | Found an ancient bone altar of Kikubaaqudgha.
     3 | D        | Found a viscous altar of Jiyva.
     3 | D        | Found a corrupted altar of Lugonu.
     3 | D        | Found a hazy altar of Hepliaklqana.
     3 | D        | Found a burning altar of Makhleb.
     3 | D        | Found an opulent altar of Gozag.
    66 | D        | Reached skill level 3 in Evocations
    66 | D        | Reached XP level 2. HP: 26/26 MP: 2/2
    71 | D        | Entered arena 2.
    71 | D        | Found a transporter.
    74 | D        | Reached skill level 5 in Fighting
    74 | D        | Reached skill level 5 in Axes
    79 | D        | Entered arena 3.
    79 | D        | Found a transporter.
    80 | D        | Reached ** piety under Trog
    82 | D        | Reached skill level 4 in Evocations
    82 | D        | Reached XP level 3. HP: 33/33 MP: 3/3
    83 | D        | Reached XP level 4. HP: 39/39 MP: 4/4
    89 | D        | Entered arena 4.
    89 | D        | Noticed a ynoxinul
    89 | D        | Found a transporter.
    92 | D        | Reached skill level 5 in Evocations
    93 | D        | Reached *** piety under Trog
    93 | D        | Killed a ynoxinul
    94 | D        | Reached skill level 5 in Armour
    94 | D        | Reached skill level 5 in Dodging
    94 | D        | Reached skill level 7 in Evocations
    94 | D        | Reached XP level 5. HP: 47/47 MP: 5/5
    94 | D        | Reached XP level 6. HP: 53/53 MP: 6/6
   101 | D        | Entered arena 5.
   101 | D        | Reached **** piety under Trog
   101 | D        | Found a transporter.
   106 | D        | Reached skill level 8 in Evocations
   111 | D        | Entered arena 6.
   111 | D        | Found the +2 pair of slick slippers {slick, slippery, EV+4}
   111 | D        | Found a transporter.
   113 | D        | Reached ***** piety under Trog
   115 | D        | Reached XP level 7. HP: 61/61 MP: 7/7
   126 | D        | Got the +3 eveningstar "Doypsuox" {venom, rPois rCorr
                  | Int+2}
   137 | D        | Entered arena 7.
   137 | D        | Noticed a polar bear
   137 | D        | Noticed a rime drake
   137 | D        | Noticed a freezing wraith
   137 | D        | Noticed an ice devil
   138 | D        | Found a transporter.
   142 | D        | Killed a freezing wraith
   143 | D        | Reached skill level 9 in Evocations
   143 | D        | Killed a rime drake
   143 | D        | Killed an ice devil
   144 | D        | Reached skill level 10 in Evocations
   144 | D        | Reached XP level 8. HP: 43/71 MP: 8/8
   144 | D        | Received a gift from Trog
   145 | D        | Killed a polar bear
   146 | D        | Reached skill level 11 in Evocations
   235 | D        | Entered arena 8.
   235 | D        | Noticed a green draconian
   235 | D        | Noticed a black draconian
   235 | D        | Noticed a draconian
   235 | D        | Noticed a green draconian
   235 | D        | Noticed a draconian
   235 | D        | Noticed a black draconian
   236 | D        | Found a transporter.
   242 | D        | Killed a green draconian
   243 | D        | Reached skill level 10 in Fighting
   243 | D        | Reached skill level 10 in Axes
   243 | D        | Reached skill level 12 in Evocations
   243 | D        | Reached XP level 9. HP: 4/78 MP: 9/9
   244 | D        | Succumbed to poison (poison gas)

Illustrated notes

Levels and vault maps discovered:
D:        sprint_v [room_start, room_1, room_2, room_3, room_4, room_5, room_6,
          room_7, room_8, room_9, room_10, room_11, room_12, room_13, room_14,
          room_15, room_16, room_17, room_18, room_19, room_20, room_21,
          room_22, room_23, room_24, room_25, room_26, room_27]

Skill      XL: |  1  2  3  4  5  6  7  8 |
---------------+-------------------------+-----
Fighting       | 4 5 6 7 9 10 | 10.2
Axes           | 4 5 6 7 9 10 | 10.3
Armour         | 3 5 6 7 8 |  8.8
Dodging        | 3 4 5 6 7 8 |  8.8
Evocations     | 3 4 7 8 10 12 | 12.0

Action                     |  1- 3 |  4- 6 |  7- 9 || total
---------------------------+-------+-------+-------++-------
  Melee: Broad axe         |     5 |    10 |    17 ||    32
 Invoke: Trog's Hand       |       |       |     1 ||     1
  Evoke: Wand              |       |       |     1 ||     1
    Use: Potion            |     2 |       |     3 ||     5
 Armour: Plate armour      |     2 |     7 |    22 ||    31
  Dodge: Dodged            |     1 |     5 |     8 ||    14

Table legend: (Time is in decaauts)
 A = Elapsed time spent in this place.
 B = Non-inter-level travel time spent in this place.
 C = Inter-level travel time spent in this place.
 D = Time resting spent in this place.
 E = Time spent auto-exploring this place.
 F = Levels seen in this place.
 G = Mean time per level.
                   A        B        C        D        E       F      G
               +--------+--------+--------+--------+--------+-----+--------+
         Total |    247 |    247 |      0 |     77 |      0 |   1 |  247.0 |
       Dungeon |    247 |    247 |      0 |     77 |      0 |   1 |  247.0 |
               +--------+--------+--------+--------+--------+-----+--------+

Top non-repeatable levels by time:
       D: 247 daAuts
